TOP OF THE 1ST |
Lansing Lugnuts batting - Pitching for Greenville Drive : LHP Datu Callanta
|
Pitching: LHP Datu Callanta
|
|
Batting: RHB Finn Ross
|
0-0: Ball 1-0: Called Strike 1-1: Foul Ball, location: 2F 1-2: Fly out, F9 (Line Drive, 9D, EV 86.9 MPH)
|
Batting: RHB Luis Reyes
|
0-0: Ground out 6-3 (Groundball, 6, EV 103.1 MPH)
|
Batting: RHB Ivan Ramirez
|
0-0: TRIPLE (Line Drive, 78XD, EV 107.5 MPH)
|
Batting: LHB Dan Martinez
|
0-0: Swinging Strike 0-1: Swinging Strike 0-2: Ball 1-2: Foul Ball, location: 2F 1-2: Strikes out looking
|
Top of the 1st over - 0 runs, 1 hit, 0 errors, 1 left on base; Lansing 0 - Greenville 0 |
BOTTOM OF THE 1ST |
Greenville Drive batting - Pitching for Lansing Lugnuts : RHP Mike Moon
|
Pitching: RHP Mike Moon
|
|
Batting: RHB David Norum
|
0-0: Swinging Strike 0-1: Swinging Strike 0-2: Foul Ball, location: 2F 0-2: SINGLE (Line Drive, 9S, EV 95.6 MPH)
|
Batting: LHB Sergio Tinoco
|
0-0: Called Strike David Norum steals 2nd base 0-1: Called Strike 0-2: Ball 1-2: Ball 2-2: Foul Ball, location: 2F 2-2: Ball 3-2: Ground out 4-3 (Groundball, 34, EV 105.0 MPH) David Norum to third
|
Batting: RHB Dan Friess
|
0-0: Foul Ball, location: 2F 0-1: Ball 1-1: Called Strike 1-2: Strikes out looking
|
Batting: RHB Devon Fourcade
|
0-0: Foul Ball, location: 2F 0-1: Foul Ball, location: 2F 0-2: Strikes out swinging
|
Bottom of the 1st over - 0 runs, 1 hit, 0 errors, 1 left on base; Lansing 0 - Greenville 0 |
TOP OF THE 2ND |
Lansing Lugnuts batting - Pitching for Greenville Drive : LHP Datu Callanta
|
Batting: RHB Bryan Westray
|
0-0: Called Strike 0-1: Ball 1-1: Ground out 5-3 (Groundball, 56S, EV 87.5 MPH)
|
Batting: LHB David Ramirez
|
0-0: Foul Ball, location: 2F 0-1: Foul Ball, location: 2F 0-2: Hit by Pitch
|
Batting: SHB Jose Garcia
|
0-0: Ball 1-0: Called Strike 1-1: Ball 2-1: Ball 3-1: Swinging Strike 3-2: Strikes out swinging David Ramirez is caught stealing 2nd base 2-4 Batter strikes out.
|
Top of the 2nd over - 0 runs, 0 hits, 0 errors, 0 left on base; Lansing 0 - Greenville 0 |
BOTTOM OF THE 2ND |
Greenville Drive batting - Pitching for Lansing Lugnuts : RHP Mike Moon
|
Batting: RHB John Chiesa
|
0-0: Foul Ball, location: 2F 0-1: Called Strike 0-2: Ball 1-2: Strikes out looking
|
Batting: RHB Larry Brocato
|
0-0: Called Strike 0-1: Swinging Strike 0-2: Ball 1-2: Strikes out swinging
|
Batting: RHB David Clark
|
0-0: Ball 1-0: Called Strike 1-1: Ball 2-1: Foul Ball, location: 2F 2-2: Ball 3-2: Foul Ball, location: 2F 3-2: SINGLE (Line Drive, 9S, EV 102.5 MPH)
|
Batting: RHB Adugna Chandu
|
0-0: Fielders Choice at 2nd, 4-6 (Groundball, 4MD, EV 105.0 MPH)
|
Bottom of the 2nd over - 0 runs, 1 hit, 0 errors, 1 left on base; Lansing 0 - Greenville 0 |
TOP OF THE 3RD |
Lansing Lugnuts batting - Pitching for Greenville Drive : LHP Datu Callanta
|
Batting: RHB B.J. Worthy
|
0-0: Ball 1-0: Called Strike 1-1: Fly out, F8 (Flyball, 8LD, EV 85.0 MPH)
|
Batting: RHB Nick Wicker
|
0-0: Ball 1-0: Ball 2-0: Ball 3-0: Called Strike 3-1: Base on Balls
|
Batting: RHB Finn Ross
|
0-0: Called Strike 0-1: Ball 1-1: Called Strike 1-2: Foul Ball, location: 2F 1-2: Strikes out swinging
|
Batting: RHB Luis Reyes
|
0-0: Ball Nick Wicker is caught stealing 2nd base 2-4
|
Top of the 3rd over - 0 runs, 0 hits, 0 errors, 0 left on base; Lansing 0 - Greenville 0 |
BOTTOM OF THE 3RD |
Greenville Drive batting - Pitching for Lansing Lugnuts : RHP Mike Moon
|
Batting: RHB Paul Long
|
0-0: Ground out 5-3 (Groundball, 56, EV 84.4 MPH)
|
Batting: RHB David Norum
|
0-0: Ball 1-0: Called Strike 1-1: Foul Ball, location: 2F 1-2: Strikes out swinging
|
Batting: LHB Sergio Tinoco
|
0-0: Called Strike 0-1: Ball 1-1: Ball 2-1: Ball 3-1: Called Strike 3-2: Ground out 6-3 (Groundball, 6D, EV 99.4 MPH)
|
Bottom of the 3rd over - 0 runs, 0 hits, 0 errors, 0 left on base; Lansing 0 - Greenville 0 |
TOP OF THE 4TH |
Lansing Lugnuts batting - Pitching for Greenville Drive : LHP Datu Callanta
|
Batting: RHB Luis Reyes
|
0-0: Ball 1-0: Called Strike 1-1: Foul Ball, location: 2F 1-2: Foul Ball, location: 2F 1-2: Foul Ball, location: 2F 1-2: Ball 2-2: Foul Ball, location: 2F 2-2: Foul Ball, location: 2F 2-2: Ball 3-2: SINGLE (Groundball, 4S, EV 76.2 MPH) (infield hit)
|
Batting: RHB Ivan Ramirez
|
0-0: Hit by Pitch Luis Reyes to second
|
Pinch Runner at 1st Kyle Silveira:
|
|
Batting: LHB Dan Martinez
|
0-0: Ball 1-0: Ball 2-0: Ball 3-0: Foul Ball, location: 2F 3-1: Ground out 4-3 (Groundball, 4S, EV 66.9 MPH) Luis Reyes to third Kyle Silveira to second
|
Batting: RHB Bryan Westray
|
0-0: Ball 1-0: SINGLE (Groundball, 4MD, EV 103.1 MPH) Luis Reyes scores Kyle Silveira to third
|
Batting: LHB David Ramirez
|
Pickoff Throw to First - Error! E1 Kyle Silveira scores Bryan Westray to second 0-0: Called Strike 0-1: Ball Bryan Westray steals 3rd base 1-1: SINGLE (Groundball, 6S, EV 64.4 MPH) (infield hit) Bryan Westray scores
|
Batting: SHB Jose Garcia
|
0-0: Ball 1-0: Fly out, F4 (Popup, 34, EV 74.4 MPH)
|
Batting: RHB B.J. Worthy
|
0-0: Foul Ball, location: 2F 0-1: Ball 1-1: Ball 2-1: Ball David Ramirez steals 2nd base 3-1: Foul Ball, location: 2F 3-2: Foul Ball, location: 2F 3-2: Strikes out looking
|
Top of the 4th over - 3 runs, 3 hits, 1 error, 1 left on base; Lansing 3 - Greenville 0 |
BOTTOM OF THE 4TH |
Greenville Drive batting - Pitching for Lansing Lugnuts : RHP Mike Moon
|
Now at 1B: Roger Escareno
|
|
Batting: RHB Dan Friess
|
0-0: SINGLE (Groundball, 3D, EV 98.8 MPH)
|
Batting: RHB Devon Fourcade
|
0-0: Called Strike 0-1: Ball 1-1: Fly out, F9 (Flyball, 9LM, EV 101.9 MPH)
|
Batting: RHB John Chiesa
|
0-0: Ball 1-0: Fielders Choice at 2nd, 5-4 (Groundball, 56, EV 79.4 MPH)
|
Batting: RHB Larry Brocato
|
0-0: Foul Ball, location: 2F 0-1: Ball 1-1: Ball 2-1: Foul Ball, location: 2F 2-2: Strikes out swinging
|
Bottom of the 4th over - 0 runs, 1 hit, 0 errors, 1 left on base; Lansing 3 - Greenville 0 |
TOP OF THE 5TH |
Lansing Lugnuts batting - Pitching for Greenville Drive : LHP Datu Callanta
|
Batting: RHB Nick Wicker
|
0-0: Ball 1-0: Called Strike 1-1: SOLO HOME RUN (Flyball, 9D, EV 97.5 MPH), Distance : 386 ft
|
Batting: RHB Finn Ross
|
0-0: Foul Ball, location: 2F 0-1: Foul Ball, location: 2F 0-2: Foul Ball, location: 2F 0-2: Ball 1-2: Strikes out looking
|
Batting: RHB Luis Reyes
|
0-0: Ball 1-0: Ball 2-0: Ball 3-0: Base on Balls
|
Batting: LHB Roger Escareno
|
0-0: Ball Luis Reyes steals 2nd base 1-0: Ball 2-0: Called Strike 2-1: Ball Wild Pitch! Luis Reyes to third 3-1: Fly out, F8 (Line Drive, 8LD, EV 106.2 MPH) Runner from 3rd tags up, SCORES, throw by CF
|
Pitching: RHP Frank Roberts
|
|
Batting: LHB Dan Martinez
|
0-0: Ball 1-0: Ball 2-0: Ball 3-0: Base on Balls
|
Batting: RHB Bryan Westray
|
0-0: Called Strike Dan Martinez steals 2nd base (no throw) 0-1: Ball 1-1: Ball 2-1: Ball 3-1: Foul Ball, location: 2F 3-2: Fly out, F8 (Flyball, 8RD, EV 94.4 MPH)
|
Top of the 5th over - 2 runs, 1 hit, 0 errors, 1 left on base; Lansing 5 - Greenville 0 |
BOTTOM OF THE 5TH |
Greenville Drive batting - Pitching for Lansing Lugnuts : RHP Mike Moon
|
Batting: RHB David Clark
|
0-0: Ball 1-0: Ball 2-0: Ball 3-0: Called Strike 3-1: Base on Balls
|
Batting: RHB Adugna Chandu
|
Pickoff Throw to First - Out! 1-3 0-0: Fly out, F6 (Popup, P, EV 81.9 MPH)
|
Batting: RHB Paul Long
|
0-0: Foul Ball, location: 2F 0-1: Ball 1-1: Foul Ball, location: 2F 1-2: Ball 2-2: Strikes out swinging, 2-3 out at first.
|
Bottom of the 5th over - 0 runs, 0 hits, 0 errors, 0 left on base; Lansing 5 - Greenville 0 |
TOP OF THE 6TH |
Lansing Lugnuts batting - Pitching for Greenville Drive : RHP Frank Roberts
|
Batting: LHB David Ramirez
|
0-0: Called Strike 0-1: Foul Ball, location: 2F 0-2: Foul Ball, location: 2F 0-2: Strikes out looking
|
Batting: SHB Jose Garcia
|
0-0: Ball 1-0: SINGLE (Groundball, 34S, EV 87.5 MPH) (infield hit)
|
Batting: RHB B.J. Worthy
|
0-0: Ball Wild Pitch! Jose Garcia to second 1-0: Ball 2-0: Ball 3-0: Called Strike 3-1: Ground out 5-3 (Groundball, 56, EV 101.2 MPH)
|
Batting: RHB Nick Wicker
|
0-0: Swinging Strike 0-1: Ball Jose Garcia steals 3rd base 1-1: Called Strike 1-2: Foul Ball, location: 2F 1-2: Strikes out swinging
|
Top of the 6th over - 0 runs, 1 hit, 0 errors, 1 left on base; Lansing 5 - Greenville 0 |
BOTTOM OF THE 6TH |
Greenville Drive batting - Pitching for Lansing Lugnuts : RHP Mike Moon
|
Batting: RHB David Norum
|
0-0: Called Strike 0-1: Foul Ball, location: 2F 0-2: Ball 1-2: SINGLE (Groundball, 6S, EV 74.4 MPH) (infield hit)
|
Batting: LHB Sergio Tinoco
|
0-0: Ball 1-0: Called Strike 1-1: Called Strike 1-2: Strikes out swinging
|
Batting: RHB Dan Friess
|
0-0: Called Strike David Norum steals 2nd base 0-1: Ball 1-1: Ball 2-1: DOUBLE (Line Drive, 3D, EV 100.6 MPH) David Norum scores
|
Batting: RHB Devon Fourcade
|
0-0: Called Strike 0-1: Foul Ball, location: 2F 0-2: Ground out 6-3 (Groundball, 56D, EV 103.1 MPH)
|
Batting: RHB John Chiesa
|
0-0: SINGLE (Line Drive, 89S, EV 109.4 MPH) Dan Friess to third Runner from 3rd tries for Home, SAFE, throw by RF to home
|
Batting: RHB Larry Brocato
|
0-0: Called Strike 0-1: SINGLE (Groundball, 34D, EV 104.4 MPH) John Chiesa to second Runner from 2nd tries for 3rd, SAFE, throw by RF made to third Larry Brocato to second
|
Batting: RHB David Clark
|
0-0: Ball 1-0: Ball 2-0: Ground out 5-3 (Groundball, 56S, EV 88.8 MPH)
|
Bottom of the 6th over - 2 runs, 4 hits, 0 errors, 2 left on base; Lansing 5 - Greenville 2 |
TOP OF THE 7TH |
Lansing Lugnuts batting - Pitching for Greenville Drive : RHP Frank Roberts
|
Pitching: RHP Perry Mills
|
|
Batting: RHB Finn Ross
|
0-0: Ball 1-0: Ball 2-0: Ball 3-0: Called Strike 3-1: Fly out, F8 (Flyball, 8LD, EV 90.6 MPH)
|
Batting: RHB Luis Reyes
|
0-0: Ball 1-0: Foul Ball, location: 2F 1-1: Called Strike 1-2: Ball 2-2: Ground out 6-3 (Groundball, 56, EV 82.5 MPH)
|
Batting: LHB Roger Escareno
|
0-0: Called Strike 0-1: Ball 1-1: Called Strike 1-2: Foul Ball, location: 2F 1-2: Ball 2-2: Hit by Pitch
|
Batting: LHB Dan Martinez
|
0-0: Ball 1-0: Ball 2-0: Ball 3-0: Fly out, F9 (Flyball, 9S, EV 88.8 MPH)
|
Top of the 7th over - 0 runs, 0 hits, 0 errors, 1 left on base; Lansing 5 - Greenville 2 |
BOTTOM OF THE 7TH |
Greenville Drive batting - Pitching for Lansing Lugnuts : RHP Mike Moon
|
Now at 1B: Jose Garcia
|
|
Now at 2B: Andres Lozano
|
|
Batting: RHB Adugna Chandu
|
0-0: Ball 1-0: Called Strike 1-1: Ball 2-1: Foul Ball, location: 2F 2-2: Foul Ball, location: 2F 2-2: Strikes out swinging
|
Batting: RHB Paul Long
|
0-0: Ball 1-0: DOUBLE (Line Drive, 7LS, EV 97.5 MPH)
|
Batting: RHB David Norum
|
0-0: Called Strike 0-1: Fly out, F8 (Line Drive, 8RD, EV 91.2 MPH)
|
Batting: LHB Sergio Tinoco
|
0-0: Ball 1-0: Called Strike 1-1: Foul Ball, location: 2F 1-2: Fly out, F8 (Flyball, 78XD, EV 89.4 MPH)
|
Bottom of the 7th over - 0 runs, 1 hit, 0 errors, 1 left on base; Lansing 5 - Greenville 2 |
TOP OF THE 8TH |
Lansing Lugnuts batting - Pitching for Greenville Drive : RHP Perry Mills
|
Pitching: RHP Humberto Delgado
|
|
Batting: RHB Bryan Westray
|
0-0: Called Strike 0-1: Foul Ball, location: 2F 0-2: Ground out 5-3 (Groundball, 56S, EV 89.4 MPH)
|
Batting: LHB David Ramirez
|
0-0: Ball 1-0: SINGLE (Line Drive, 8RS, EV 113.8 MPH)
|
Batting: SHB Jose Garcia
|
0-0: Fly out, F8 (Flyball, 8RM, EV 93.8 MPH)
|
Pitching: RHP Alex Sandidge
|
|
Batting: RHB B.J. Worthy
|
0-0: Ball 1-0: Ball 2-0: SINGLE (Flyball, 5D, EV 91.9 MPH) David Ramirez to second David Ramirez to third
|
Batting: RHB Nick Wicker
|
0-0: Ball 1-0: Fly out, F3 (Popup, 3SF, EV 81.9 MPH)
|
Top of the 8th over - 0 runs, 2 hits, 0 errors, 2 left on base; Lansing 5 - Greenville 2 |
BOTTOM OF THE 8TH |
Greenville Drive batting - Pitching for Lansing Lugnuts : RHP Mike Moon
|
Pitching: RHP Jordan Jacobo
|
|
Batting: RHB Dan Friess
|
0-0: Ball 1-0: Foul Ball, location: 2F 1-1: Foul Ball, location: 2F 1-2: Fly out, F7 (Line Drive, 7LM, EV 98.1 MPH)
|
Batting: RHB Devon Fourcade
|
0-0: Ball 1-0: Ball 2-0: Ball 3-0: Called Strike 3-1: Base on Balls
|
Batting: RHB John Chiesa
|
0-0: SINGLE (Groundball, 4M, EV 86.9 MPH) (infield hit) Devon Fourcade to second
|
Batting: RHB Larry Brocato
|
0-0: Ball 1-0: Ball 2-0: Called Strike 2-1: Foul Ball, location: 2F 2-2: SINGLE (Groundball, 5D, EV 95.6 MPH) Devon Fourcade to third John Chiesa to second
|
Batting: RHB David Clark
|
0-0: SINGLE (Groundball, 4, EV 103.8 MPH) Devon Fourcade scores John Chiesa to third Larry Brocato to second Runner from 3rd tries for Home, SAFE, throw by RF to home
|
Pinch Hitting: LHB Masumi Abe
|
0-0: Grounds into double play, 4-6-3 (Groundball, 4, EV 85.0 MPH)
|
Bottom of the 8th over - 2 runs, 3 hits, 0 errors, 1 left on base; Lansing 5 - Greenville 4 |
TOP OF THE 9TH |
Lansing Lugnuts batting - Pitching for Greenville Drive : RHP Alex Sandidge
|
Now at 3B: Erik Nunez
|
|
Now at SS: David Norum
|
|
Batting: RHB Finn Ross
|
0-0: SINGLE (Groundball, 56D, EV 102.5 MPH) (infield hit)
|
Batting: RHB Luis Reyes
|
0-0: Ball 1-0: Called Strike 1-1: Called Strike 1-2: Foul Ball, location: 2F 1-2: SINGLE (Line Drive, 9S, EV 90.0 MPH) Finn Ross to second Runner from 2nd tries for 3rd, SAFE, throw by RF made to third
|
Batting: RHB Andres Lozano
|
0-0: Ball 1-0: Foul Ball, location: 2F 1-1: Ball 2-1: Ground out 6-3 (Groundball, 6, EV 86.2 MPH) Luis Reyes to second
|
Pitching: LHP Jason Kell
|
|
Batting: LHB Dan Martinez
|
0-0: Called Strike 0-1: Called Strike 0-2: Strikes out swinging
|
Batting: RHB Bryan Westray
|
0-0: Called Strike 0-1: Ball 1-1: SINGLE (Groundball, 5D, EV 102.5 MPH) Finn Ross scores Luis Reyes to third Runner from 3rd tries for Home, SAFE, throw by LF to home
|
Batting: SHB Joel Baker
|
0-0: SINGLE (Groundball, 6MD, EV 103.8 MPH) Bryan Westray to second Runner from 2nd tries for 3rd, SAFE, throw by CF made to third Joel Baker to second
|
Batting: SHB Jose Garcia
|
0-0: Called Strike 0-1: Swinging Strike 0-2: Ball 1-2: Ground out 5-3 (Groundball, 56S, EV 86.9 MPH)
|
Top of the 9th over - 2 runs, 4 hits, 0 errors, 2 left on base; Lansing 7 - Greenville 4 |
BOTTOM OF THE 9TH |
Greenville Drive batting - Pitching for Lansing Lugnuts : RHP Jordan Jacobo
|
Pitching: RHP Germano Nunes
|
|
Batting: RHB Paul Long
|
0-0: Called Strike 0-1: Ball 1-1: Fly out, F5 (Popup, 6S, EV 67.5 MPH)
|
Batting: RHB David Norum
|
0-0: Ball 1-0: Ball 2-0: Foul Ball, location: 2F 2-1: Fly out, F5 (Line Drive, 5, EV 66.2 MPH)
|
Batting: LHB Sergio Tinoco
|
0-0: Ball 1-0: Ball 2-0: SINGLE (Groundball, 4D, EV 96.2 MPH)
|
Batting: RHB Dan Friess
|
0-0: Ball 1-0: Called Strike 1-1: Ball 2-1: Ball 3-1: SINGLE (Line Drive, 5D, EV 96.2 MPH) Sergio Tinoco to second
|
Batting: RHB Devon Fourcade
|
0-0: Ball 1-0: Swinging Strike 1-1: Swinging Strike 1-2: Strikes out swinging
|
Bottom of the 9th over - 0 runs, 2 hits, 0 errors, 2 left on base; Lansing 7 - Greenville 4 |
|